 Dungeon Crawl Stone Soup version 0.31-a0-1074-g0b22e4e0f1 (webtiles) character file.

Game seed: 15675906810944810659

186 croobank the Changeling (level 5, 0/30 HPs)
             Began as an Octopode Shapeshifter on Dec 7, 2023.
             Was a Priest of Hepliaklqana.
             Succumbed to an adder's poison
             ... on level 4 of the Dungeon.
             The game lasted 00:04:56 (2229 turns).

croobank the Changeling (Octopode Shapeshifter)     Turns: 2229, Time: 00:04:56

Health: 0/30       AC:  1    Str: 17 (19) XL:     5   Next: 65%
Magic:  6/6        EV: 13    Int: 13 (14) God:    Hepliaklqana [***...]
Gold:   130        SH:  0    Dex:  9 (12) Spells: 4/4 levels left

rFire   . .          .
                       - Unarmed
rCold   . . .        (no shield)
rNeg    . . .        (helmet currently unavailable)
rPois   .            f - amulet of magic regeneration
rElec   .            q - +6 ring of strength
rCorr   .            (no ring)
SInv    .            (no ring)
Will    .....        (no ring)
Stlth   ++           (no ring)
HPRegen 0.25/turn    (no ring)
MPRegen 0.50/turn    (no ring)
                     (no ring)

%: no passive effects
@: lethally poisoned (0 -> -1), beast-form
A: beast (slay +2), reduced essence, almost no armour, amphibious, 8 rings,
camouflage 1, gelatinous body 1, (nimble swimmer 1), tentacles
a: Begin Untransformation, Renounce Religion, Recall Ancestor, Ancestor
Identity, Transference


You were on level 4 of the Dungeon.
You worshipped Hepliaklqana.
Hepliaklqana was most pleased with you.
You were a hulking beast.
You visited 1 branch of the dungeon, and saw 4 of its levels.

You collected 130 gold pieces.

Inventory:

Hand Weapons
 i - a +0 dagger
 r - a +0 scimitar
Missiles
 t - 2 javelins
Jewellery
 f - an amulet of magic regeneration (around mantle)
 q - a +6 ring of strength (left tentacle)
Talismans
 b - a beast talisman
 c - a flux talisman
Wands
 k - a wand of flame (19)
 u - a wand of paralysis (11)
Scrolls
 e - a scroll of teleportation
 g - a scroll of enchant weapon
 h - 2 scrolls of amnesia {unknown}
 j - a scroll of acquirement {unknown}
 n - a scroll of blinking {unknown}
 o - 3 scrolls of identify {unknown}
 p - a scroll of vulnerability {unknown}
 s - a scroll of enchant armour {unknown}
Potions
 a - 2 potions of lignification
 l - a potion of attraction {unknown}
 m - a potion of mutation {unknown}
 v - a potion of invisibility {unknown}
 w - a potion of curing {unknown}


   Skills:
 + Level 2.2 Fighting
 + Level 2.9 Dodging
 + Level 3.7 Unarmed Combat
 + Level 1.7 Invocations
 * Level 4.1 Shapeshifting


You had 4 spell levels left.
You didn't know any spells.
Your spell library contained the following spells:

 Spells                   Type           Power      Damage    Failure   Level
 Foxfire                  Conj/Fire      0%         2x1d4     30%         1
 Static Discharge         Conj/Air       0%         3-3/arc   43%         2
 Airstrike                Air            0%         2d(0-16)  97%         4
 Leda's Liquefaction      Hex/Erth       0%         N/A       97%         4
 Summon Lightning Spire   Summ/Air       0%         N/A       97%         4
 Lee's Rapid Deconstruct  Erth           0%         3d4*      100%        5
 Bombard                  Conj/Erth      0%         9d1       100%        6


Dungeon Overview and Level Annotations

Branches:
Dungeon (4/15)             Temple (0/1) D:4

Altars:
Ashenzari
Cheibriados
Hepliaklqana

Shops:
D:3 (


Innate Abilities, Weirdness & Mutations

You are a hulking beast.
Your limbs bulge with bestial killing power. (Slay +2)
Your life essence is reduced to manifest your ancestor. (-10% HP)
You cannot wear most types of armour.
You are amphibious.
You can wear up to eight rings at the same time.
Your skin changes colour to match your surroundings (Stealth+).
Your rubbery body absorbs attacks. (AC +1, EV +1)
((You are camouflaged when in or above water. (Stealth+)))
You have tentacles for arms and can constrict up to eight enemies at once.


Message History

The adder moves out of view.
No target in view!
No target in view!
No target in view!
Found a staircase to the Ecumenical Temple.
An iguana comes into view.
The iguana moves out of view.
A howler monkey comes into view.
Found a dagger.
The adder hisses angrily.
The helpless howler monkey fails to defend itself.
You bludgeon the howler monkey! You grab the howler monkey.
The howler monkey is heavily wounded.
You constrict the howler monkey. The howler monkey barely misses you.
You completely miss the howler monkey. Your squeeze misses the howler monkey.
The howler monkey is heavily wounded.
You constrict the howler monkey. The howler monkey hits you.
Xiloxoch hits the howler monkey with a +0 quarterstaff!
The howler monkey dies!
Your Shapeshifting skill increases to level 4!
The adder bites you.
You are poisoned.
The adder poisons you!
You barely miss the adder. Your grab misses the adder.
You feel sick. The adder bites you. The adder completely misses you.
You are too injured to fight recklessly!
You are too injured to fight recklessly!
You completely miss the adder. You grab the adder. You constrict the adder.
You feel sick. The adder barely misses you.
You tentacle-slap the adder. You squeeze the adder.
The adder is severely wounded.
You constrict the adder.
You kill the adder!
You feel sick. The iguana bites you!
* * * LOW HITPOINT WARNING * * *
Xiloxoch hits the iguana with a +0 quarterstaff!
It was a potion of degeneration.
There was something very wrong with that liquid.
You feel weakened.
You feel dopey.
You feel clumsy.
You die...

#.##########.# #.#
#+## #.# #...## #.##
#.....# ###..###
##)......
##......###........
............+.†......
####......##Rl.......
#.......#h##...##.
#.......[..##...##
##.......#.........
#......##....>....
#.................
#.##.###..##...##. #.
...##...## # #...
....


You could see the friendly Xiloxoch the battlemage and an iguana (ally target).

Vanquished Creatures
  5 adders
  2 dart slugs (D:3)
  7 orcs (D:3)
  7 bats
  2 endoplasms
  4 goblins
  5 hobgoblins
  2 quokkas
  4 ball pythons
  4 frilled lizards
  A kobold (D:1)
  3 rats
46 creatures vanquished.

Vanquished Creatures (collateral kills)
  A howler monkey (D:4)
  A hound (D:3)
  A dart slug (D:3)
  2 orcs (D:3)
  2 ball pythons (D:2)
  3 endoplasms
  2 kobolds
  A frilled lizard (D:2)
  3 goblins
  3 rats (D:3)
19 creatures vanquished.

Grand Total: 65 creatures vanquished

Notes
Turn   | Place    | Note
-------+----------+-------------------------------------------
     0 | D:1      | croobank the Octopode Shapeshifter began the quest for the
                  | Orb.
     0 | D:1      | Reached XP level 1. HP: 13/13 MP: 1/1
   229 | D:1      | Reached XP level 2. HP: 18/18 MP: 2/2
   230 | D:1      | Found a faded altar of an unknown god.
   248 | D:1      | Got Plato's Lectures on Ignition
   249 | D:1      | Prayed at the altar of an unknown god.
   249 | D:1      | Became a worshipper of Hepliaklqana the Forgotten
   249 | D:1      | Reached * piety under Hepliaklqana
   646 | D:2      | Found a broken altar of Ashenzari.
   702 | D:2      | Reached XP level 3. HP: 12/20 MP: 3/3
   878 | D:2      | Reached ** piety under Hepliaklqana
   879 | D:2      | Remembered your ancestor Xiloxoch as a battlemage
  1305 | D:2      | Reached XP level 4. HP: 25/25 MP: 4/4
  1493 | D:3      | Reached skill level 1 in Invocations
  1523 | D:3      | Reached XP level 5. HP: 30/30 MP: 5/5
  1622 | D:3      | Found a snail-covered altar of Cheibriados.
  1924 | D:3      | Found Vimmuutu's Weapon Shoppe.
  1982 | D:3      | Reached *** piety under Hepliaklqana
  2047 | D:3      | Found a hazy altar of Hepliaklqana.
  2219 | D:4      | Found a staircase to the Ecumenical Temple.
  2225 | D:4      | Reached skill level 4 in Shapeshifting
  2228 | D:4      | HP: 1/30 [iguana (13)]
  2229 | D:4      | Succumbed to an adder's poison

Illustrated notes

Levels and vault maps discovered:
D:1:      sevenhm_arrival_forest_fort_large_2, layout_loops_ring,
          shapermc_ecumenical_altar_rom_forum
D:2:      layout_loops_corners, basic_altar
D:3:      minmay_door_path, layout_basic, nicolae_hepliaklqana_hippocampus,
          lemuel_doored_altar, serial_shops, nicolae_shop_bloodbath_and_beyond
D:4:      layout_loops_corners, minmay_temple_entry_stoned_glass,
          lightli_corner_chamber

Skill      XL: |  1  2  3  4  5 |
---------------+----------------+-----
Invocations    | 1 |  1.7
Fighting       | 2 |  2.2
Shapeshifting  | 4 |  4.1
Dodging        | |  2.9
Unarmed Combat | |  3.7

Action                     |  1- 3 |  4- 6 || total
---------------------------+-------+-------++-------
  Melee: Unarmed           |    54 |    35 ||    89
         Constrict         |    11 |    11 ||    22
         Tentacles         |     4 |     6 ||    10
         Punch             |     1 |     1 ||     2
 Invoke: Ancestor Identity |     1 |       ||     1
         Ancestor Life: Ba |     1 |       ||     1
    Use: Scroll            |     2 |       ||     2
         Potion            |       |     1 ||     1
   Stab: Sleeping          |     3 |     3 ||     6
 Armour: Skin              |    13 |    17 ||    30
  Dodge: Dodged            |    29 |    13 ||    42

Table legend: (Time is in decaauts)
 A = Elapsed time spent in this place.
 B = Non-inter-level travel time spent in this place.
 C = Inter-level travel time spent in this place.
 D = Time resting spent in this place.
 E = Time spent auto-exploring this place.
 F = Levels seen in this place.
 G = Mean time per level.
                   A        B        C        D        E       F      G
               +--------+--------+--------+--------+--------+-----+--------+
         Total |   2222 |   2149 |     73 |      9 |   1754 |   4 |  555.5 |
       Dungeon |   2222 |   2149 |     73 |      9 |   1754 |   4 |  555.5 |
               +--------+--------+--------+--------+--------+-----+--------+

Top non-repeatable levels by time:
     D:2: 777 daAuts
     D:3: 757 daAuts
     D:1: 628 daAuts
     D:4: 59 daAuts
